 Dungeon Crawl Stone Soup version 0.19-a0-904-ga29959e (webtiles) character file.

61 Jaxo the Chopper (level 3, -2/28 HPs)
             Began as a Demonspawn Gladiator on July 5, 2016.
             Was an Initiate of Nemelex Xobeh.
             Slain by a gnoll
             ... wielding a +0 halberd
              (8 damage)
             ... on level 2 of the Dungeon.
             The game lasted 00:08:51 (1135 turns).

Jaxo the Chopper (Demonspawn Gladiator)             Turns: 1135, Time: 00:08:51

Health: -2/28      AC:  6    Str: 15    XL:     3   Next: 83%
Magic:  3/3        EV: 12    Int:  9    God:    Nemelex Xobeh [......]
Gold:   36         SH:  0    Dex: 16    Spells: 0 memorised, 2 levels left

rFire  . . .     SeeInvis .     a - +0 war axe
rCold  . . .     Gourm    .     k - +0 ring mail
rNeg   . . .     Faith    .     (no shield)
rPois  .         Spirit   .     c - +0 helmet
rElec  .         Dismiss  .     (no cloak)
rCorr  .         Reflect  .     (no gloves)
SustAt .         Harm     .     (no boots)
MR     .....                    (no amulet)
Stlth  +.........               (no ring)
                                h - ring of flight

@: not resistant to hostile enchantments, very unstealthy
A: thin skeletal structure 1, powered by pain 1
a: Renounce Religion, Evoke Flight


You were on level 2 of the Dungeon.
You worshipped Nemelex Xobeh.
Nemelex Xobeh was noncommittal.
You were not hungry.

You visited 1 branch of the dungeon, and saw 2 of its levels.

You collected 36 gold pieces.

Inventory:

Hand Weapons
 a - a +0 war axe (weapon)
 m - a +0 spear
Missiles
 d - 3 throwing nets (quivered)
Armour
 b - a +0 leather armour
 c - a +0 helmet (worn)
 i - a +0 leather armour
 k - a +0 ring mail (worn)
Jewellery
 h - a ring of flight (left hand)
Wands
 n - a wand of confusion (4/48)
Scrolls
 g - a scroll of enchant armour {unknown}
 j - a scroll of identify
Potions
 e - 2 potions of heal wounds
Miscellaneous
 o - a plain deck of destruction {drawn: 1}
Comestibles
 f - a bread ration
 l - a slice of pizza


   Skills:
 + Level 2.4 Fighting
 + Level 3.3 Axes
 + Level 1.8 Throwing
 + Level 0.5 Armour
 + Level 3.3 Dodging


You had 2 spell levels left.
You didn't know any spells.

Dungeon Overview and Level Annotations

Branches:
Dungeon (2/15)

Altars:
Nemelex Xobeh


Innate Abilities, Weirdness & Mutations

You have a somewhat thin skeletal structure. (Dex +2, Stealth)
You sometimes gain a little power by taking damage.


Message History

You hit the gnoll but do no damage.
The gnoll is lightly wounded.
The gnoll closely misses you.
You barely miss the gnoll.
The gnoll is lightly wounded.
The gnoll misses you.
You hit the gnoll.
The gnoll is lightly wounded.
The gnoll barely misses you.
You completely miss the gnoll.
The gnoll is lightly wounded.
The gnoll closely misses you.
You slash the gnoll!
The gnoll is severely wounded.
The gnoll closely misses you.
You hit the gnoll.
The gnoll is almost dead.
The gnoll closely misses you. The gnoll hits you with a halberd!
You die...
Your body disappears without a glow.

#......# ##.......#
####...$###.........
.."..... +.........
#.....# #.........
#.....# ##.......#
#...# ##.....##
##)## ##...## #g#
##'## #@# #<# #.#
#.# #.# ##.## #.#
###...## #.#
#......##
##.########........
#.......(...#...###
##.###########.##
### #.#


You could see a gnoll.

Vanquished Creatures
  2 gnolls (D:2)
  4 dart slugs
  A giant gecko (D:1)
  2 giant cockroaches (D:1)
  6 goblins (D:1)
  4 hobgoblins
  3 kobolds (D:1)
  A ball python (D:2)
  3 bats (D:1)
  2 giant newts (D:1)
  5 rats (D:1)
33 creatures vanquished.

Notes
Turn   | Place    | Note
-------+----------+-------------------------------------------
     0 | D:1      | Jaxo the Demonspawn Gladiator began the quest for the Orb.
     0 | D:1      | Reached XP level 1. HP: 16/16 MP: 1/1
    87 | D:1      | Gained mutation: You sometimes gain a little power by taking damage. [demonic ancestry]
    87 | D:1      | Reached XP level 2. HP: 18/22 MP: 2/2
   669 | D:1      | Gained mutation: You have a somewhat thin skeletal structure. (Dex +2, Stealth) [demonic ancestry]
   669 | D:1      | Reached XP level 3. HP: 27/27 MP: 3/3
  1027 | D:2      | Found a sparkling altar of Nemelex Xobeh.
  1034 | D:2      | Became a worshipper of Nemelex Xobeh the Trickster
  1110 | D:2      | Received a gift from Nemelex Xobeh
  1135 | D:2      | Slain by a gnoll

Vault maps used:
D:1:      lemuel_arrival_tunnels
D:2:      nemelex_diamond_rough_becter

Skill      XL: |  1  2 |
---------------+-------+-----
Axes           | 3 |  3.3
Dodging        | 3 |  3.3
Fighting       | |  2.4
Throwing       | |  1.8
Armour         | |  0.5

Action                   || total
-------------------------++-------
Melee: War axe           ||   111
Evoke: Deck              ||     1
  Use: Scroll            ||     2
  Eat: Bread ration      ||     1
Armor: Leather armour    ||    13
       Ring mail         ||    14
Dodge: Dodged            ||   100
